 Dungeon Crawl Stone Soup version 0.29-a0-234-g0dae59b3db (webtiles) character file.

Game seed: 518273840709216947

31 siradein the Grave Robber (level 3, -1/24 HPs)
             Began as a Human Necromancer on Mar 3, 2022.
             Frozen to death by an endoplasm (3 damage)
             ... on level 2 of the Dungeon.
             The game lasted 00:02:50 (1479 turns).

siradein the Grave Robber (Human Necromancer)       Turns: 1479, Time: 00:02:51

Health: -1/24      AC:  3    Str:  8    XL:     3   Next: 40%
Magic:  7/7        EV: 12    Int: 17    God:
Gold:   53         SH:  0    Dex: 13    Spells: 6/7 levels left

rFire   . . .      SeeInvis .   (no weapon)
rCold   . . .      Faith    .   (no shield)
rNeg    . . .      Spirit   .   a - +0 robe
rPois   .          Reflect  .   (no helmet)
rElec   .          Harm     .   g - +0 cloak
rCorr   .          Rampage  .   (no gloves)
Will    .....                   (no boots)
Stlth   ++........              (no amulet)
HPRegen 0.08/turn               i - ring of flight
MPRegen 0.10/turn               (no ring)

@: flying
A: no striking features
a: no special abilities


You were on level 2 of the Dungeon.
You visited 1 branch of the dungeon, and saw 2 of its levels.

You collected 73 gold pieces.
You spent 20 gold pieces at shops.

Inventory:

Armour
 a - a +0 robe (worn)
 g - a +0 cloak (worn)
Jewellery
 i - a ring of flight (left hand)
Scrolls
 c - 3 scrolls of teleportation
Potions
 b - a potion of cancellation
 d - a potion of curing {unknown}
 e - a potion of magic
 h - 2 potions of flight {unknown}


   Skills:
 - Level 2.0 Dodging
 - Level 2.0 Stealth
 + Level 2.7 Spellcasting
 + Level 4.5 Necromancy


You had 6 spell levels left.
You knew the following spells:

 Your Spells              Type           Power      Damage    Failure   Level
a - Pain                  Necr           68%        1d7       2%          1

Your spell library contained the following spells:

 Spells                   Type           Power      Damage    Failure   Level
 Animate Skeleton         Necr           34%        N/A       2%          1
 Vampiric Draining        Necr           17%        2d7       9%          3
 Animate Dead             Necr           8%         N/A       28%         4
 Agony                    Necr           17%        N/A       61%         5


Dungeon Overview and Level Annotations

Branches:
Dungeon (2/15)

Altars:

Shops:
D:1 ?


Message History

There is a stone staircase leading up here.
A rat comes into view.
Found an escape hatch in the ceiling.
The rat writhes in agony.
A rat is nearby!
The rat writhes in agony.
You kill the rat!
There is an escape hatch in the ceiling here.
As you open the door, it creaks loudly!
An endoplasm and a worm come into view.
An endoplasm comes into view.
Found a tubular silver ring and a pair of gloves.
There are monsters nearby!
There are monsters nearby!
The endoplasm enters a dispersal trap!
The worm blinks!
You blink.
Found a war axe.
The endoplasm blinks!
There is an open door here.
You hit the worm but do no damage.
The endoplasm hits you but does no damage.
The worm bites you!
You barely miss the worm. The endoplasm hits you.
You hit the worm but do no damage. The endoplasm misses you.
The worm bites you.
You hit the endoplasm.
The endoplasm is moderately wounded.
The endoplasm freezes you.
You are frozen.
* * * LOW HITPOINT WARNING * * *
The worm bites you.
* * * LOW HITPOINT WARNING * * *
Really fly into that dispersal trap?
You enter a dispersal trap!
The worm blinks!
The endoplasm blinks!
The worm blinks!
The endoplasm blinks! x4; The worm blinks! x2; You blink.
The endoplasm freezes you.
You are frozen.
* * * LOW HITPOINT WARNING * * *
You see here a +4 ring of protection.
The worm misses you. The endoplasm freezes you.
You are frozen.
You die...

#...#..##. .#
#...##†##. .# .....
#.##. .# .#.#.# #..#.
#.###.#.#. ##.<†
######..)... #. #...
#..[.....# #####..
#........# #......
#....@...# ###.#..
#..w.Jw..# #.#†.
#..J=....#########.##>
+........'.....<...##.
#.......^########### .
#........# +
#........# #........#
#........#


You could see 2 worms and 2 endoplasms.

Vanquished Creatures
  An adder (D:2)
  3 endoplasms
  A goblin (D:1)
  3 hobgoblins
  A quokka (D:1)
  A ball python (D:1)
  3 bats (D:1)
  A frilled lizard (D:1)
  3 kobolds (D:1)
  8 rats
25 creatures vanquished.

Notes
Turn   | Place    | Note
-------+----------+-------------------------------------------
     0 | D:1      | siradein the Human Necromancer began the quest for the Orb.
     0 | D:1      | Reached XP level 1. HP: 13/13 MP: 3/3
   109 | D:1      | Found Kechim's Magic Scroll Emporium.
   259 | D:1      | Bought a scroll of identify for 20 gold pieces
   282 | D:1      | Reached XP level 2. HP: 16/19 MP: 0/5
   519 | D:1      | Found a faded altar of an unknown god.
  1324 | D:2      | Reached XP level 3. HP: 21/24 MP: 2/6
  1476 | D:2      | HP: 1/24 [frozen (4)]
  1479 | D:2      | Frozen to death by an endoplasm

Illustrated notes

Levels and vault maps discovered:
D:1:      lemuel_arrival_muddy, layout_basic,
          shapermc_ecumenical_altar_totnotflames, serial_shops, shop,
          grunt_decor_cap, minivault_27
D:2:      layout_basic

Action                   || total
-------------------------++-------
Melee: Unarmed           ||     9
 Cast: Pain              ||    39
  Use: Scroll            ||     3
Armor: Robe              ||     2
Dodge: Dodged            ||    12

Table legend: (Time is in decaauts)
 A = Elapsed time spent in this place.
 B = Non-inter-level travel time spent in this place.
 C = Inter-level travel time spent in this place.
 D = Time resting spent in this place.
 E = Time spent auto-exploring this place.
 F = Levels seen in this place.
 G = Mean time per level.
                   A        B        C        D        E       F      G
               +--------+--------+--------+--------+--------+-----+--------+
         Total |   1480 |   1470 |     10 |      0 |   1307 |   2 |  740.0 |
       Dungeon |   1480 |   1470 |     10 |      0 |   1307 |   2 |  740.0 |
               +--------+--------+--------+--------+--------+-----+--------+

Top non-repeatable levels by time:
     D:1: 1260 daAuts
     D:2: 219 daAuts
